AoeStats
← MataCochinos

Arabia

503493346Analyzed
1v1 RM · 1mo ago on Aug 31, 2026· 41m 22s· 2 players
Game mode
Random Map
Map size
Tiny (2 player)
Population
200
Speed
Normal
Resources
Standard
Victory
Conquest
Starting age
Dark Age
Ending age
Imperial Age
RankedLock teamsTeams togetherTeam positionsShared explorationLock speedFull tech treeHidden civsTurbo modeCheats
Victory
Defeat
🇲🇽 Japanese · Mexico
1770
+19
🇦🇷 Armenians · Argentina
1835
-19
MataCochinos
7:07 Loom
10:11 Feudal Age
10:29 Man-at-Arms
15:22 Fletching
21:19 Castle Age
20:47 Padded Archer Armor
20:38 Gold Mining
22:15 Wheelbarrow
22:02 Bodkin Arrow
21:35 Crossbowman
23:00 Double-Bit Axe
28:41 Bow Saw
29:44 Leather Archer Armor
31:00 Gold Shaft Mining
30:15 Horse Collar
37:21 Imperial Age
35:37 Town Watch
36:31 Ballistics
38:13 Hand Cart
38:11 Bracer
39:47 Arbalester
41:49 Chemistry
40:26 Onager
DS_Kawakaze
7:20 Loom
7:33 Loom
10:38 Feudal Age
10:50 Man-at-Arms
13:42 Long Swordsman
22:10 Castle Age
20:36 Arson
20:41 Horse Collar
21:19 Padded Archer Armor
21:51 Fletching
22:16 Elite Skirmisher
23:13 Leather Archer Armor
22:53 Bodkin Arrow
23:01 Double-Bit Axe
23:24 Squires
25:03 Bow Saw
29:51 Ballistics
30:37 Town Watch
33:29 Wheelbarrow
37:22 Imperial Age
34:35 Two-Handed Swordsman
35:00 Gambesons
36:30 Scale Mail Armor
37:22 Champion
39:16 Ring Archer Armor
40:15 Chain Mail Armor
Connection lost

Rejoining the realm…

Still unreachable

The connection could not be restored.

Session expired

The server has moved on; the page needs a fresh start.